 Dungeon Crawl Stone Soup version 0.22.1-6-g1668fe2c40 (webtiles) character file.

4124 Kohma the Spear-Bearer (level 10, -3/76 HPs)
             Began as a Demonspawn Gladiator on Jan 22, 2019.
             Was a Follower of Yredelemnul.
             Slain by Erica
             ... wielding a +4 scimitar of flaming
              (10 damage)
             ... on level 8 of the Dungeon.
             The game lasted 00:34:35 (9303 turns).

Kohma the Spear-Bearer (Demonspawn Gladiator)       Turns: 9303, Time: 00:34:36

Health: -3/76      AC:  7    Str: 17    XL:     10   Next: 6%
Magic:  13/14      EV: 16    Int: 10    God:    Yredelemnul [*.....]
Gold:   408        SH:  6    Dex: 18    Spells: 9/9 levels left

rFire    + . .     SeeInvis .   a - +1 trident
rCold    + . .     Gourm    .   x - +0 buckler
rNeg     . . .     Faith    .   q - +2 leather armour {MR+}
rPois    .         Spirit   .   (helmet restricted)
rElec    .         Reflect  .   z - +1 cloak {+Inv}
rCorr    .         Harm     .   (no gloves)
MR       +....                  (no boots)
Stlth    +.........             (no amulet)
HPRegen  0.22/turn              k - +3 ring of dexterity
MPRegen  0.14/turn              l - ring of protection from fire

@: lethally poisoned (-3 -> -7), injury mirror
A: antennae 2, claws 1, talons 2, cold resistance 1, demonic guardian 1
a: Animate Remains, Renounce Religion, Evoke Invisibility


You were on level 8 of the Dungeon.
You worshipped Yredelemnul.
Yredelemnul was aware of your devotion.
You were not hungry.

You visited 2 branches of the dungeon, and saw 9 of its levels.

You collected 408 gold pieces.

Inventory:

Hand Weapons
 a - a +1 trident (weapon)
 w - a +1 falchion of flaming
Missiles
 d - 2 throwing nets (quivered)
 g - 204 stones
Armour
 q - a +2 leather armour of magic resistance (worn)
 x - a +0 buckler (worn)
 y - a +1 scale mail of cold resistance
 z - a +1 cloak of invisibility (worn)
Magical Staves
 G - an uncursed staff of earth {unknown}
Jewellery
 c - an uncursed ring of magical power
 k - a +3 ring of dexterity (left claw)
 l - a ring of protection from fire (right claw)
 C - an uncursed ring of protection from fire
Wands
 D - a wand of iceblast (9)
Scrolls
 b - 5 scrolls of remove curse
 e - a scroll of noise
 i - 2 scrolls of enchant armour
 j - 6 scrolls of teleportation
 t - 2 scrolls of magic mapping
 v - a scroll of fog
 A - a scroll of summoning {unknown}
 B - a scroll of enchant weapon
 E - a scroll of blinking
Potions
 h - a potion of curing
 m - a potion of might {unknown}
 n - a potion of experience {unknown}
 o - a potion of flight {unknown}
 p - 3 potions of ambrosia
 r - 3 potions of haste
 s - 2 potions of heal wounds
 u - 2 potions of cancellation {unknown}
 F - a potion of brilliance {unknown}
Comestibles
 f - 17 rations


   Skills:
 - Level 6.0 Fighting
 * Level 8.3 Polearms
 - Level 1.7 Throwing
 + Level 4.1 Armour
 + Level 5.9 Dodging
 - Level 4.8 Shields
 + Level 5.9 Invocations


You had 9 spell levels left.
You didn't know any spells.
Your spell library contained the following spells:

 Spells                   Type           Power        Failure   Level  Hunger
 Confusing Touch          Hex            #.....       41%         1    ##.....
 Confuse                  Hex            #.......     80%         3    ####...
 Gell's Gravitas          Tloc           #.........   80%         3    ####...
 Petrify                  Tmut/Erth      #.......     99%         4    #####..
 Metabolic Englaciation   Hex/Ice        #.........   100%        5    ######.
 Yara's Violent Unravell  Hex/Tmut       #.........   100%        5    ######.


Dungeon Overview and Level Annotations

Branches:
Dungeon (8/15)             Temple (1/1) D:4
   Lair: D:8-11

Altars:
Ashenzari
Cheibriados
Elyvilon
Fedhas
Gozag
Hepliaklqana
Kikubaaqudgha
Makhleb
Nemelex Xobeh
Okawaru
Qazlal
Ru
Sif Muna
Trog
Uskayaw
Vehumet
Wu Jian
Xom
Yredelemnul
Zin
The Shining One

Annotations:
D:6 Blork the orc
D:8 Erica


Innate Abilities, Weirdness & Mutations

You have a pair of antennae on your head.
You have sharp fingernails.
You have razor-sharp toenails.
Your flesh is cold resistant. (rC+)
A weak demonic guardian rushes to your aid.


Message History

Yredelemnul mirrors your injury!
You feel much better. Something barely misses you.
You hit something. Your kick misses something. You miss something.
You claw something.
You hear some strange, mumbled words.
A bolt of poison appears from out of thin air!
The bolt of poison hits you!
You are poisoned.
* * * LOW HITPOINT WARNING * * *
Yredelemnul mirrors your injury!
You can no longer recall your undead slaves.
You can no longer mirror injuries on your foes.
You closely miss something.
You feel sick. Something hits you but does no damage.
You hit something. Your kick misses something.
You feel sick.
You hear some strange, mumbled words.
Something tries to affect you, but you resist.
You hit something but do no damage.
You feel sick. Something hits you!
You die...
Your body rises from the dead as a mindless zombie.

#....(..##................##.....
#......#################'###.....
#(.c.(.###########...##...##...#.
....(((#8.._##...(...#.........#.
...5.(.#....##......)#.........#.
#....(.'....##.......#....##...#
#...O..#..####.......#.....###.#
#......#8Z#A##.......#####.# #.#.
......<#########@....##...####.#.
.......##### #.{...##....##....
#.......##.... #....(.#..........
#.......##....##......#....#####.
......................#....# .
$..........@..........'?...# #
.....................<#....#
###....######..#.##..#..#.##
#..).# #############.#


There were no monsters in sight!

Vanquished Creatures
  Pikel (D:4)
  3 hippogriffs
  A hungry ghost (D:7)
  Menkaure (D:5)
  An ice beast (D:6)
  A black bear (D:7)
  3 ogres
  2 centaurs
  A crocodile (D:8)
  5 scorpions
  2 vampire bats (D:4)
  A howler monkey (D:5)
  3 crimson imps
  An orc priest (D:8)
  3 hounds
  5 orc wizards
  4 jellies
  Crazy Yiuf (D:3)
  Natasha (thrice) (D:3)
  An iguana (D:6)
  4 worker ants
  A killer bee zombie (D:5)
  5 gnolls
  9 adders
  An ooze (D:2)
  2 adder skeletons
  4 worms
  3 dart slugs
  6 leopard geckos
  21 orcs
  A ball python (D:4)
  10 bats
  5 bat zombies (D:4)
  7 giant cockroaches
  9 goblins
  5 hobgoblins
  9 jackals
  A quokka (D:3)
  3 frilled lizards
  2 kobolds
  5 rats
156 creatures vanquished.

Vanquished Creatures (collateral kills)
  A hydra (D:7)
  A hornet (D:8)
  A spriggan (D:7)
  A sky beast (D:6)
  2 ogres
  A centaur (D:6)
  A worker ant (D:6)
  4 orcs
12 creatures vanquished.

Vanquished Creatures (others)
  A slave (D:4)
  An ogre (D:4)
  An iguana zombie (D:6)
  A quokka (D:4)
  2 orc skeletons (D:8)
  3 orc zombies
9 creatures vanquished.

Grand Total: 177 creatures vanquished

Notes
Turn   | Place    | Note
-------+----------+-------------------------------------------
     0 | D:1      | Kohma the Demonspawn Gladiator began the quest for the Orb.
     0 | D:1      | Reached XP level 1. HP: 16/16 MP: 1/1
   390 | D:1      | Gained mutation: Your flesh is cold resistant. (rC+)
                  | [demonic ancestry]
   390 | D:1      | Reached XP level 2. HP: 13/22 MP: 2/2
   545 | D:1      | Reached skill level 3 in Polearms
   847 | D:1      | Gained mutation: You have sharp toenails. [demonic
                  | ancestry]
   847 | D:1      | Reached XP level 3. HP: 25/28 MP: 3/3
  1441 | D:1      | Gained mutation: You have sharp fingernails. [demonic
                  | ancestry]
  1441 | D:1      | Reached XP level 4. HP: 13/35 MP: 4/4
  1723 | D:2      | Found a shattered altar of Ashenzari.
  2286 | D:2      | Reached XP level 5. HP: 28/41 MP: 5/5
  2575 | D:3      | Found a stormy altar of Qazlal.
  2579 | D:3      | Found a blossoming altar of Fedhas.
  3106 | D:3      | Noticed Natasha
  3120 | D:3      | Killed Natasha
  3120 | D:3      | Reached skill level 4 in Polearms
  3307 | D:3      | Found a burning altar of Makhleb.
  3317 | D:3      | Reached skill level 1 in Shields
  3422 | D:3      | Noticed Natasha
  3432 | D:3      | Killed Natasha
  3432 | D:3      | Gained mutation: You have razor-sharp toenails. [demonic
                  | ancestry]
  3432 | D:3      | Reached XP level 6. HP: 39/48 MP: 6/6
  3529 | D:3      | Found a runed door.
  3537 | D:3      | Noticed Crazy Yiuf
  3542 | D:3      | Killed Crazy Yiuf
  3867 | D:4      | Found a staircase to the Ecumenical Temple.
  3881 | Temple   | Entered the Ecumenical Temple
  3954 | Temple   | Became a worshipper of Yredelemnul the Dark
  4027 | D:3      | Noticed Natasha
  4040 | D:3      | Killed Natasha
  4412 | D:4      | Found a stormy altar of Qazlal.
  4534 | D:4      | Reached XP level 7. HP: 42/55 MP: 7/7
  4758 | D:4      | Noticed Pikel
  4774 | D:4      | Killed Pikel
  4774 | D:4      | Reached skill level 5 in Fighting
  4774 | D:4      | Reached skill level 5 in Polearms
  4774 | D:4      | Gained mutation: You have a pair of small antennae on your
                  | head. [demonic ancestry]
  4774 | D:4      | Reached XP level 8. HP: 62/62 MP: 8/8
  4838 | D:4      | Found an ancient bone altar of Kikubaaqudgha.
  5148 | D:5      | Entered Level 5 of the Dungeon
  5276 | D:5      | Found a sacrificial altar of Ru.
  5286 | D:5      | Reached * piety under Yredelemnul
  5448 | D:5      | Reached skill level 1 in Invocations
  5559 | D:5      | Found an opulent altar of Gozag.
  5559 | D:5      | Found a bloodstained altar of Trog.
  5691 | D:5      | Noticed Menkaure
  5700 | D:5      | Killed Menkaure
  5700 | D:5      | Reached skill level 1 in Armour
  5884 | D:5      | Reached skill level 6 in Polearms
  6469 | D:6      | Found a sacrificial altar of Ru.
  6483 | D:6      | Noticed Blork the orc
  6653 | D:6      | Gained mutation: A weak demonic guardian rushes to your
                  | aid. [demonic ancestry]
  6653 | D:6      | Reached XP level 9. HP: 63/69 MP: 11/11
  6714 | D:6      | Reached ** piety under Yredelemnul
  7069 | D:7      | Reached skill level 5 in Dodging
  7167 | D:7      | Reached skill level 7 in Polearms
  7821 | D:7      | Found a deep blue altar of Sif Muna.
  7822 | D:7      | Found a shattered altar of Ashenzari.
  7823 | D:7      | Found an ornate altar of the Wu Jian Council.
  8029 | D:8      | HP: 3/69 [poisoned by a hornet]
  8036 | D:8      | HP: 2/69 [poisoned by a hornet]
  8043 | D:8      | HP: 1/69 [poisoned by a hornet]
  8322 | D:8      | Found a glowing silver altar of Zin.
  8322 | D:8      | Noticed an angel
  8329 | D:8      | Noticed a dagger
  8329 | D:8      | Noticed a dagger
  8330 | D:8      | Found a hide-covered altar of Uskayaw.
  8331 | D:8      | Noticed a five-headed hydra
  8353 | D:7      | Killed a five-headed hydra
  8353 | D:7      | Reached skill level 8 in Polearms
  8353 | D:7      | Reached skill level 5 in Invocations
  8699 | D:8      | Noticed a two-headed ogre
  8712 | D:8      | Noticed Erica
  8749 | D:8      | HP: 2/69 [centaur/arrow (5)]
  9107 | D:8      | Found a hazy altar of Hepliaklqana.
  9195 | D:8      | Gained mutation: You have a pair of antennae on your head.
                  | [demonic ancestry]
  9195 | D:8      | Reached XP level 10. HP: 65/76 MP: 14/14
  9303 | D:8      | Slain by Erica

Skill      XL: |  1  2  3  4  5  6  7  8  9 |
---------------+----------------------------+-----
Polearms       | 3 4 5 6 8 |  8.3
Dodging        | 3 4 5 |  5.9
Fighting       | 3 4 5 6 |  6.0
Shields        | 1 2 4 |  4.8
Invocations    | 3 5 |  5.9
Armour         | 2 4 |  4.1
Throwing       | |  1.7

Action                   |  1- 3 |  4- 6 |  7- 9 | 10-12 || total
-------------------------+-------+-------+-------+-------++-------
Melee: Trident           |   112 |   219 |   324 |    30 ||   685
       Kick              |     9 |    47 |   105 |     7 ||   168
Throw: Throwing net      |       |       |     1 |       ||     1
Invok: Animate Remains   |       |       |    13 |       ||    13
       Injury Mirror     |       |       |       |     1 ||     1
       Recall Undead Sla |       |       |       |     1 ||     1
  Use: Scroll            |       |    10 |     8 |       ||    18
       Potion            |       |       |     2 |     1 ||     3
 Stab: Sleeping          |     2 |       |     3 |       ||     5
       Distracted        |       |       |     1 |       ||     1
  Eat: Chunk             |     2 |    10 |    15 |       ||    27
       Ration            |       |       |     1 |     1 ||     2
Armor: Leather armour    |    53 |    48 |    96 |     3 ||   200
Dodge: Dodged            |   131 |   153 |   228 |    16 ||   528
Block: Buckler           |       |     6 |   101 |     5 ||   112
